 Dungeon Crawl Stone Soup version 0.24.1-14-gf8d2b509d9 (webtiles) character file.

Game seed: 11149891919905204368, levelgen mode: deterministic

82 Gabide the Ducker (level 4, -1/34 HPs)
             Began as a Human Wanderer on May 19, 2020.
             Slain by Sigmund
             ... wielding a +2 scythe of flaming
              (6 damage)
             ... on level 2 of the Dungeon.
             The game lasted 00:04:52 (1705 turns).

Gabide the Ducker (Human Wanderer)                  Turns: 1705, Time: 00:04:52

Health: -1/34      AC:  3    Str: 13    XL:     4   Next: 70%
Magic:  4/4        EV: 13    Int: 12    God:
Gold:   37         SH:  0    Dex: 13    Spells: 3/3 levels left

rFire    . . .     SeeInvis .   j - +2 short sword (speed)
rCold    . . .     Gourm    .   (no shield)
rNeg     . . .     Faith    .   c - +0 leather armour
rPois    .         Spirit   .   (no helmet)
rElec    .         Reflect  .   (no cloak)
rCorr    .         Harm     .   (no gloves)
MR       .....                  (no boots)
Stlth    ++........             (no amulet)
HPRegen  0.11/turn              (no ring)
MPRegen  0.09/turn              (no ring)

@: no status effects
A: no striking features
a: no special abilities


You were on level 2 of the Dungeon.
You were hungry.

You visited 1 branch of the dungeon, and saw 2 of its levels.

You collected 37 gold pieces.

Inventory:

Hand Weapons
 a - a +0 short sword
 i - a +3 club
 j - a +2 short sword of speed (weapon)
Armour
 c - a +0 leather armour (worn)
 l - a +2 robe
Scrolls
 e - a scroll of identify
Potions
 b - a potion of magic {unknown}
 g - a potion of flight
 h - a potion of brilliance
Comestibles
 d - 2 chunks of flesh
 f - 5 rations


   Skills:
 + Level 2.3 Fighting
 * Level 3.4(3.5) Short Blades
   Level 1.0(2.4) Long Blades
 + Level 0.3 Throwing
 - Level 0.2 Armour
 + Level 3.4 Dodging
 * Level 1.8 Stealth
   Level 1.0 Shields


You had 3 spell levels left.
You didn't know any spells.
Your spell library was empty.

Dungeon Overview and Level Annotations

Branches:
Dungeon (2/15)

Altars:

Annotations:
D:2 Sigmund


Message History

Aim: Sigmund, wielding a +2 scythe of flaming and wearing a +0 robe You throw a throwing net.
The throwing net barely misses Sigmund.
Sigmund casts a spell.
Sigmund flickers and vanishes!
Deactivating autopickup; reactivate with Ctrl-A.
You are confused.
Found a stone staircase leading down.
You see here a worm corpse.
You're too confused to move!
You feel less confused. Something barely misses you.
You hit something but do no damage. You closely miss something.
Something hits you. Something burns you.
You hit something. You barely miss something. Something hits you.
Something burns you.
You closely miss something. Something hits you!
* * * LOW HITPOINT WARNING * * *
Something burns you.
You die...

#.. #.# #.### #########
#.#.. ##.......# #.#.#
#........############.#..
#...................#.#..
#.........#########......
#.......@{†.%.....#...<..
#............†........#..
#........................
#.######.....##(#.#.#.#.#
# .........'...........
###......##.#.###.###
#.#######.#.......÷ ...
#.......... ##.>
............


There were no monsters in sight!

Vanquished Creatures
  Jessica (D:2)
  An adder (D:2)
  2 worms (D:2)
  A dart slug (D:1)
  2 leopard geckos (D:1)
  6 bats
  2 giant cockroaches (D:1)
  4 goblins (D:1)
  4 hobgoblins
  2 jackals (D:1)
  4 kobolds (D:1)
  3 frilled lizards
  4 rats
36 creatures vanquished.

Notes
Turn   | Place    | Note
-------+----------+-------------------------------------------
     0 | D:1      | Gabide the Human Wanderer began the quest for the Orb.
     0 | D:1      | Gabide set off with the following items: a +0 short sword,
                  | 3 throwing nets, a +0 leather armour, a scroll of
                  | teleportation, a ration
     0 | D:1      | Reached XP level 1. HP: 16/16 MP: 1/1
   313 | D:1      | Reached XP level 2. HP: 22/22 MP: 2/2
   729 | D:1      | Reached XP level 3. HP: 24/27 MP: 3/3
  1210 | D:2      | Reached XP level 4. HP: 17/33 MP: 4/4
  1357 | D:2      | Noticed Sigmund
  1611 | D:2      | Noticed Jessica
  1677 | D:2      | Killed Jessica
  1705 | D:2      | Slain by Sigmund

Levels and vault maps discovered:
D:1:      dpeg_arrival_solitude, layout_basic, minmay_misc_feat_diagonals,
          hangedman_decor_diamond_cutter
D:2:      layout_basic, lemuel_crystal_altar, lemuel_round_altar, uniq_jessica,
          uniq_sigmund

Skill      XL: |  1  2  3 |
---------------+----------+-----
Short Blades   | 3 |  3.4
Fighting       | |  2.3
Long Blades    | |  1.0
Throwing       | |  0.3
Armour         | |  0.2
Dodging        | |  3.4
Stealth        | |  1.8
Shields        | |  1.0

Action                   |  1- 3 |  4- 6 || total
-------------------------+-------+-------++-------
Melee: Short sword       |   122 |    28 ||   150
Throw: Throwing net      |     7 |     3 ||    10
  Use: Scroll            |     2 |     1 ||     3
 Stab: Sleeping          |     2 |       ||     2
       Held in net/web   |     1 |     1 ||     2
  Eat: Chunk             |     1 |     1 ||     2
Armor: Leather armour    |    22 |       ||    22
Dodge: Dodged            |    73 |    12 ||    85
